 Dungeon Crawl Stone Soup version 0.30.1 (webtiles) character file.

Game seed: 6890600455284007574

16 H0rd4k the Charlatan (level 2, 0/21 HPs)
             Began as a Human Artificer on July 7, 2023.
             Slain by a quokka (2 damage)
             ... on level 1 of the Dungeon.
             The game lasted 00:00:46 (861 turns).

H0rd4k the Charlatan (Human Artificer)               Turns: 861, Time: 00:00:47

Health: 0/21       AC:  3    Str: 12    XL:     2   Next: 75%
Magic:  2/2        EV: 11    Int: 11    God:
Gold:   46         SH:  0    Dex: 13    Spells: 1/1 levels left

rFire   . . .        (no weapon)
rCold   . . .        (no shield)
rNeg    . . .        b - +0 leather armour
rPois   .            (no helmet)
rElec   .            (no cloak)
rCorr   .            (no gloves)
SInv    .            (no boots)
Will    .....        (no amulet)
Stlth   +            (no ring)
HPRegen 0.23/turn    (no ring)
MPRegen 0.08/turn

%: no passive effects
@: no status effects
A: no striking features
a: no special abilities


You were on level 1 of the Dungeon.
You visited 1 branch of the dungeon, and saw 1 of its levels.

You collected 46 gold pieces.

Inventory:

Armour
 b - a +0 leather armour (worn)
Wands
 c - a wand of flame (14) (quivered)
 d - a wand of charming (15)
 e - a wand of iceblast (5)
Scrolls
 a - a scroll of vulnerability {unknown}
 g - a scroll of teleportation {unknown}
Potions
 f - a potion of flight {unknown}
 h - a potion of curing {unknown}
 i - a potion of brilliance {unknown}


   Skills:
 + Level 1.0 Fighting
 - Level 2.0 Armour
 + Level 1.2 Dodging
 + Level 1.0 Stealth
 + Level 0.4 Unarmed Combat
 + Level 3.6 Evocations


You had one spell level left.
You didn't know any spells.
Your spell library contained the following spells:

 Spells                   Type           Power      Damage    Failure   Level
 Sublimation of Blood     Necr           0%         N/A       56%         2
 Wereblood                Tmut           0%         N/A       56%         2
 Summon Hydra             Summ           0%         N/A       100%        7


Dungeon Overview and Level Annotations

Branches:
Dungeon (1/15)

Altars:


Message History

The ball python constricts you.
You are too injured to fight recklessly!
You escape the ball python's grasp.
The quokka attacks as you move away! The quokka bites you.
The ball python attacks as you move away!
The ball python bites you. The ball python barely misses you.
The quokka attacks as you move away! The quokka bites you.
The quokka barely misses you.
You closely miss the quokka.
The quokka is moderately wounded.
The quokka bites you but does no damage.
You hit the quokka but do no damage. The quokka bites you.
You hit the quokka.
The quokka is heavily wounded.
The quokka bites you but does no damage.
You closely miss the quokka.
The quokka is heavily wounded.
The quokka bites you.
* * * LOW HITPOINT WARNING * * *
The quokka completely misses you.
You miss the quokka.
The quokka is heavily wounded.
The quokka bites you but does no damage.
You barely miss the quokka.
The quokka is heavily wounded.
The quokka barely misses you.
You hit the quokka but do no damage.
The quokka is heavily wounded.
The quokka bites you.
* * * LOW HITPOINT WARNING * * *
You barely miss the quokka.
The quokka is heavily wounded.
The quokka bites you but does no damage.
Aiming: Throw Flame
Press: ? - help, Shift-Dir - straight line, f - quokka
Aim: a quokka (heavily wounded, 60% to hit)
The puff of flame misses the quokka.
The puff of flame hits the ball python!
You kill the ball python!
The quokka bites you.
You die...

# .### #....#
#...........
+......$....
######............
#.................(
#@##.......[....
#.#.##r#............
#.................#
###.###...........+
# #............###.#
#...................
######........#.##.
#........#!).
#.........!.# .


You could see a quokka.

Vanquished Creatures
  2 ball pythons (D:1)
  3 endoplasms (D:1)
  A giant cockroach (D:1)
  A hobgoblin (D:1)
  A jackal (D:1)
  4 kobolds (D:1)
  A bat (D:1)
  A frilled lizard (D:1)
14 creatures vanquished.

Notes
Turn   | Place    | Note
-------+----------+-------------------------------------------
     0 | D:1      | H0rd4k the Human Artificer began the quest for the Orb.
     0 | D:1      | Reached XP level 1. HP: 15/15 MP: 1/1
   267 | D:1      | Reached XP level 2. HP: 13/21 MP: 2/2
   859 | D:1      | HP: 1/21 [quokka (4)]
   861 | D:1      | Slain by a quokka

Illustrated notes

Levels and vault maps discovered:
D:1:      spicycebolla_arrival_xxxplode, layout_basic,
          ebering_dispersal_statue_hall, minmay_misc_feat_square,
          minmay_domino_4

Action                     || total
---------------------------++-------
  Melee: Unarmed           ||   119
  Evoke: Wand              ||     1
   Stab: Sleeping          ||     1
 Armour: Leather armour    ||    35
  Dodge: Dodged            ||    65
